 Dungeon Crawl Stone Soup version 0.20.1-1-g8b1a95d (webtiles) character file.

2117 equalderp2856 the Cleaver (level 9, -3/77 HPs)
             Began as a Minotaur Fighter on Aug 28, 2017.
             Slain by an orc warrior
             ... wielding a +0 mace of draining
              (13 damage)
             ... on level 7 of the Dungeon.
             The game lasted 00:11:21 (5634 turns).

equalderp2856 the Cleaver (Minotaur Fighter)        Turns: 5634, Time: 00:11:22

Health: -3/77      AC: 10    Str: 20    XL:     9   Next: 8%
Magic:  8/8        EV:  5    Int:  6    God:
Gold:   266        SH:  9    Dex: 13    Spells: 8/8 levels left

rFire    + . .     SeeInvis .   a - +0 war axe
rCold    . . .     Gourm    .   c - +0 shield
rNeg     . . .     Faith    .   s - +0 chain mail
rPois    .         Spirit   .   (helmet restricted)
rElec    .         Reflect  .   (no cloak)
rCorr    .         Harm     .   (no gloves)
MR       .....                  (no boots)
Stlth    ..........             i - amulet of rage
Regen    0.3/turn               (no ring)
MPRegen  0.2/turn               (no ring)

@: very heavily drained
A: retaliatory headbutt, horns 2, rugged brown scales 1, fire resistance 1,
MP-powered wands
a: Evoke Berserk Rage


You were on level 7 of the Dungeon.
You were not hungry.

You visited 1 branch of the dungeon, and saw 7 of its levels.

You collected 266 gold pieces.

Inventory:

Hand Weapons
 a - a +0 war axe (weapon)
Armour
 b - a +0 scale mail
 c - a +0 shield (worn)
 s - a +0 chain mail (worn)
Jewellery
 i - an amulet of rage (around neck)
 k - a cursed ring of teleportation {unknown}
 n - an uncursed ring of stealth {unknown}
 G - an uncursed ring of fire {unknown}
Wands
 o - a wand of confusion (16/48)
 y - a wand of enslavement (13/24)
Scrolls
 e - 6 scrolls of identify
 h - a scroll of enchant armour {unknown}
 j - 2 scrolls of remove curse {unknown}
 q - a scroll of noise {unknown}
 r - 3 scrolls of teleportation {unknown}
 t - 2 scrolls of enchant weapon {unknown}
 u - 4 scrolls of amnesia {unknown}
 A - a scroll of immolation {unknown}
 C - a scroll of blinking {unknown}
 D - 2 scrolls of fog {unknown}
 F - 2 scrolls of magic mapping {unknown}
Potions
 d - a potion of might
 g - 2 potions of lignification
 l - a potion of agility
 m - a potion of curing {unknown}
 p - a potion of haste {unknown}
 v - a potion of degeneration {unknown}
 x - a potion of heal wounds
 z - 3 potions of resistance
 B - a potion of mutation
 E - a potion of cancellation {unknown}
Comestibles
 f - 10 bread rations
 w - 2 meat rations


   Skills:
 + Level 6.2(2.9) Fighting
 + Level 9.4(5.8) Axes
 + Level 7.5(4.0) Armour
 + Level 3.1(0.1) Dodging
 + Level 0.5(0.0) Stealth
 + Level 7.1(3.7) Shields


You had 8 spell levels left.
You didn't know any spells.

Dungeon Overview and Level Annotations

Branches:
Dungeon (7/15)             Temple (0/1) D:6

Altars:
Fedhas
Trog

Annotations:
D:4 p0werm0de's ghost, amateur DsBe


Innate Abilities, Weirdness & Mutations

You reflexively headbutt those who attack you in melee.
You have a pair of horns on your head.
You are partially covered in rugged brown scales. (AC +1, +3% HP)
Your flesh is heat resistant. (rF+)
You expend magic power (3 MP) to strengthen your wands.


Message History

You feel drained. You block the orc wizard's attack.
The orc wizard hits you but does no damage.
You closely miss the orc wizard.
The orc wizard is almost dead.
You barely miss the orc warrior. You block the orc warrior's attack.
The orc wizard mumbles some strange words.
The orc wizard flickers and vanishes!
Deactivating autopickup; reactivate with Ctrl-A.
Unknown command.
You barely miss something. You closely miss the orc warrior.
The orc warrior hits you with a mace of draining.
* * * LOW HITPOINT WARNING * * *
You feel drained.
You hear some strange, mumbled words.
A magic dart appears from out of thin air!
The magic dart hits you!
Your shield prevents you from hitting something.
You slash the orc warrior!
The orc warrior hits you with a mace of draining!
You die...

#####
#.###......######
#..........# #
##..##.##....# .
#######...##.##.#.#..
##
......................
.
.######...##.##..##..#
#......##..# #.
#o)....... #@{######.
#..# #..# #... #.###
#.# #.. ##.


You could see an orc warrior.

Vanquished Creatures
  The ghost of equalderp2856 the Covered, an amateur MiFi (D:5)
  Sigmund (D:2)
  A sky beast (D:3)
  2 phantoms (D:6)
  An ogre (D:7)
  2 centaurs
  A scorpion (D:6)
  6 killer bees (D:7)
  5 wights (D:6)
  2 crimson imps (D:6)
  A bullfrog zombie (D:6)
  A centaur skeleton (D:4)
  A hound (D:6)
  5 orc wizards
  2 orc priests
  A bullfrog skeleton (D:5)
  5 worker ants
  3 gnolls (D:2)
  6 adders
  2 shadow imps (D:5)
  An ooze (D:1)
  An adder zombie (D:6)
  An adder skeleton (D:6)
  A dart slug (D:2)
  2 leopard geckos (D:2)
  14 orcs
  9 bats
  3 giant cockroaches
  11 goblins
  4 hobgoblins
  9 jackals
  3 quokkas
  A ball python (D:2)
  9 frilled lizards
  8 kobolds
  A quokka skeleton (D:5)
  5 rats
132 creatures vanquished.

Notes
Turn   | Place    | Note
-------+----------+-------------------------------------------
     0 | D:1      | equalderp2856 the Minotaur Fighter began the quest for the Orb.
     0 | D:1      | Reached XP level 1. HP: 19/19 MP: 0/0
   100 | D:1      | Reached XP level 2. HP: 27/27 MP: 1/1
   621 | D:1      | Reached XP level 3. HP: 33/33 MP: 2/2
   669 | D:2      | Reached skill level 3 in Axes
   711 | D:2      | Noticed Sigmund
  1322 | D:2      | Reached skill level 1 in Dodging
  1398 | D:2      | Reached XP level 4. HP: 40/40 MP: 3/3
  1819 | D:3      | Found a bloodstained altar of Trog.
  2045 | D:3      | Reached skill level 4 in Axes
  2045 | D:3      | Reached XP level 5. HP: 25/46 MP: 4/4
  2487 | D:4      | Noticed p0werm0de's ghost (amateur DsBe)
  2534 | D:4      | Noticed a sky beast
  2619 | D:3      | Reached skill level 5 in Armour
  2826 | D:2      | Killed Sigmund
  2826 | D:2      | Reached skill level 5 in Axes
  2826 | D:2      | Reached skill level 5 in Shields
  2826 | D:2      | Reached XP level 6. HP: 44/53 MP: 5/5
  2979 | D:3      | Killed a sky beast
  3362 | D:5      | Entered Level 5 of the Dungeon
  3394 | D:5      | Reached skill level 6 in Axes
  3394 | D:5      | Reached XP level 7. HP: 35/60 MP: 6/6
  3561 | D:5      | Reached skill level 5 in Fighting
  4031 | D:5      | Noticed equalderp2856's ghost (amateur MiFi)
  4042 | D:5      | Killed equalderp2856's ghost
  4142 | D:5      | Reached skill level 7 in Axes
  4376 | D:6      | Reached XP level 8. HP: 64/68 MP: 7/7
  4751 | D:6      | Reached skill level 8 in Axes
  4853 | D:6      | Reached skill level 9 in Axes
  5169 | D:6      | Found a staircase to the Ecumenical Temple.
  5198 | D:7      | Found a blossoming altar of Fedhas.
  5227 | D:7      | Gained mutation: Your flesh is heat resistant. (rF+) [potion of mutation]
  5227 | D:7      | Gained mutation: You expend magic power (3 MP) to strengthen your wands. [potion of mutation]
  5227 | D:7      | Gained mutation: You are partially covered in rugged brown scales. (AC +1, +3% HP) [potion of mutation]
  5227 | D:7      | HP: 5/108 [poisoned by a killer bee]
  5244 | D:7      | Reached XP level 9. HP: 14/77 MP: 8/8
  5634 | D:7      | Slain by an orc warrior

Skill      XL: |  1  2  3  4  5  6  7  8  9 |
---------------+----------------------------+-----
Fighting       | 4 5 6 |  6.2
Armour         | 4 5 6 7 |  7.5
Axes           | 3 4 5 6 7 9 |  9.4
Shields        | 4 5 7 |  7.1
Dodging        | 1 2 3 |  3.1
Stealth        | |  0.5

Action                   |  1- 3 |  4- 6 |  7- 9 || total
-------------------------+-------+-------+-------++-------
Melee: War axe           |    84 |   133 |   195 ||   412
       Headbutt          |    14 |    17 |    33 ||    64
  Use: Potion            |       |       |     5 ||     5
       Scroll            |       |       |     1 ||     1
  Eat: Chunk             |     1 |     5 |     4 ||    10
       Royal jelly       |       |       |     1 ||     1
       Meat ration       |       |       |     1 ||     1
Armor: Scale mail        |    52 |    37 |       ||    89
       Chain mail        |       |    25 |    78 ||   103
       Skin              |       |       |    64 ||    64
Dodge: Dodged            |    34 |    43 |    64 ||   141
Block: Shield            |    53 |    86 |   147 ||   286
